 Dungeon Crawl Stone Soup version 0.14-a0-717-gc32513d (webtiles) character file.

197 Malachi the Ruffian (level 4, -1/30 HPs)
             Began as a Formicid Transmuter on Nov 7, 2013.
             Slain by Tiran's ghost (7 damage)
             ... on Level 3 of the Dungeon.
             The game lasted 00:04:37 (2737 turns).

Malachi the Ruffian (Formicid Transmuter)           Turns: 2737, Time: 00:04:37

HP  -1/30        AC  6     Str 15      XL: 4   Next: 57%
MP   2/6         EV 12     Int 13      God:
Gold 121         SH  0     Dex 11      Spells:  3 memorised,  1 level left

Res.Fire  : . . .   See Invis. : .     - Unarmed
Res.Cold  : + . .   Warding    : .   k - +2 robe {rC+}
Life Prot.: . . .   Conserve   : .   (no shield)
Res.Poison: x       Res.Corr.  : .   (no helmet)
Res.Elec. : .       Clarity    : .   w - +0 orc cloak
Sust.Abil.: . .     Spirit.Shd : .   (no gloves)
Res.Mut.  : .       Stasis     : +   (no boots)
Res.Rott. : .       Flight     : .   (no amulet)
Saprovore : . . .                    (no ring)
                                     (no ring)

@: very slightly contaminated, slightly resistant to hostile enchantments,
unstealthy
A: permanent stasis, dig shafts and tunnels, four strong arms, poison weakness,
retractable antennae, antennae 1, exoskeleton 1
a: Dig, Shaft Self


You were on level 3 of the Dungeon.
You were hungry.

You visited 1 branch of the dungeon, and saw 3 of its levels.

You collected 121 gold pieces.

Inventory:

Hand weapons
 e - a +2,+0 elven short sword of protection
Missiles
 b - 12 arrows
 o - 7 javelins (quivered)
Armour
 c - a +0 robe
 k - a +2 robe of cold resistance (worn)
 w - a +0 orcish cloak (worn)
Comestibles
 f - a bread ration
 h - a choko
 l - 2 apples
 t - 2 rotting chunks of hobgoblin flesh
 v - a pear
Scrolls
 g - 3 scrolls of magic mapping {unknown}
 j - 8 scrolls of identify {unknown}
 q - 2 scrolls of fear {unknown}
 r - 3 scrolls of remove curse {unknown}
 s - a scroll of curse jewellery {unknown}
 u - a scroll of fog {unknown}
 y - a scroll of enchant weapon I {unknown}
Potions
 a - 3 potions of curing
 i - a potion of mutation {unknown}
 m - a potion of heal wounds {unknown}
 n - a potion of agility {unknown}
 p - 2 potions of resistance {unknown}
 x - a potion of paralysis {unknown}
 z - a potion of speed {unknown}
Books
 d - a book of Changes

   Spells                             Type                      Level
   *Beastly Appendage                 Transmutation                1
   *Sticks to Snakes                  Transmutation                2
   *Spider Form                       Transmutation/Poison         3
   Ice Form                           Ice/Transmutation            4
   Blade Hands                        Transmutation                5


   Skills:
 - Level 1.0 Fighting
 - Level 2.1 Dodging
 - Level 3.6 Unarmed Combat
 - Level 2.0 Spellcasting
 * Level 3.4 Transmutations
 * Level 2.2 Poison Magic


You had one spell level left.
You knew the following spells:

 Your Spells              Type           Power        Failure   Level  Hunger
a - Beastly Appendage     Trmt           ##....       10%         1    ##.....
b - Sticks to Snakes      Trmt           ##........   12%         2    ###....
c - Spider Form           Trmt/Pois      #.........   28%         3    ####...


Dungeon Overview and Level Annotations

Branches:
Dungeon (3/27)

Altars:
Cheibriados

Annotations:
D:3 Tiran's ghost, weakling DjFi


Innate Abilities, Weirdness & Mutations

Your are under a permanent stasis effect.
You can dig through walls and to a lower floor.
Your four strong arms can wield any weapon, most with a shield.
You are susceptible to poison.
The antennae on your head can retract.
You have a pair of small antennae on your head.*
Your body is surrounded by an exoskeleton. (HP +5, AC +1)*


Message History

Tiran's ghost is almost destroyed.
Tiran's ghost hits you.
* * * LOW HITPOINT WARNING * * *
You hit Tiran's ghost but do no damage.
Tiran's ghost is almost destroyed.
Tiran's ghost misses you.
You hit Tiran's ghost.
Tiran's ghost is almost destroyed.
Tiran's ghost hits you but does no damage.
You hit Tiran's ghost but do no damage.
Tiran's ghost is almost destroyed.
Tiran's ghost hits you.
* * * LOW HITPOINT WARNING * * *
You barely miss Tiran's ghost.
You punch Tiran's ghost, but do no damage.
Tiran's ghost is almost destroyed.
You barely miss Tiran's ghost.
Tiran's ghost is almost destroyed.
Tiran's ghost hits you!
You die...

. ##### #.# ### #... ....
..#
#.#.#####.###.##.#..##.#
#.......@p.............#
###.......###.##. #.#..##
######......##..#.#....
#...######.......## #...#
##.##..## #...# #.##..#
#...#######.....# .
#...............###
##.####...#####.........#


You could see Tiran's ghost.

Vanquished Creatures
  2 adders (D:2)
  2 worms (D:2)
  A giant gecko (D:1)
  A giant cockroach (D:2)
  6 goblins
  5 hobgoblins
  4 jackals (D:1)
  9 kobolds
  A ball python (D:1)
  6 bats
  6 giant newts
  8 rats
51 creatures vanquished.

Notes
Turn   | Place    | Note
--------------------------------------------------------------
     0 | D:1      | Malachi, the Formicid Transmuter, began the quest for the Orb.
     0 | D:1      | Reached XP level 1. HP: 17/17 MP: 1/1
   680 | D:1      | Reached XP level 2. HP: 21/21 MP: 0/3
   946 | D:1      | Learned a level 2 spell: Sticks to Snakes
  1129 | D:1      | Reached XP level 3. HP: 25/25 MP: 4/4
  1134 | D:1      | Learned a level 3 spell: Spider Form
  1318 | D:1      | Reached skill level 1 in Poison Magic
  1810 | D:2      | Reached XP level 4. HP: 30/30 MP: 4/6
  2081 | D:2      | Found a snail-covered altar of Cheibriados.
  2716 | D:3      | Noticed Tiran's ghost (weakling DjFi)
  2737 | D:3      | Slain by Tiran's ghost

Action                   |  1- 3 |  4- 6 || total
-------------------------+-------+-------++-------
Melee: Unarmed           |   154 |    77 ||   231
 Cast: Beastly Appendage |     9 |     2 ||    11
       Spider Form       |       |     1 ||     1
 Abil: End Transformatio |       |     1 ||     1
  Use: Potion            |       |     1 ||     1
 Stab: Sleeping          |     2 |       ||     2
